 Dungeon Sprint DCSS version 0.32-a0-516-g94ed278cf8 (webtiles) character file.

Game seed: 10983460384014316083

684 Revguard the Prestidigitator (level 7, -3/62 HPs)
             Began as a Coglin Berserker on Feb 27, 2024.
             Was an Elder of Trog.
             Slain by a dire elephant (36 damage)
             ... in the Dungeon (Sprint V: "Ziggurat Sprint").
             The game lasted 00:02:18 (169 turns).

Revguard the Prestidigitator (Coglin Berserker)      Turns: 169, Time: 00:02:19

Health: -3/62      AC: 28    Str: 19    XL:     7   Next: 62%
Magic:  7/7        EV:  8    Int:  6    God:    Trog [****..]
Gold:   0          SH:  0    Dex: 14    Spells: 6/6 levels left

rFire   . . .        t - +5 broad axe {Haeun}
rCold   . . .        r - +16 obsidian axe {drain, demonic, Mesm ^Drain Fly SInv}
rNeg    . . .        s - +15 Maxwell's patent armour {-Cast -Tele rElec Will+ rCorr}
rPois   .            (no helmet)
rElec   +            (no cloak)
rCorr   +            (no gloves)
SInv    +            (no boots)
Will    +++..        (no amulet) Stlth
                     (ring unavailable)
HPRegen 1.30/turn    (ring unavailable)
MPRegen 0.10/turn

%: no teleportation, no spellcasting
@: strong-willed, flying, mesmerised, regenerating, revving
A: off-hand wielding, slow wielding, warmup strikes, no rings
a: Renounce Religion, Berserk, Trog's Hand, Brothers in Arms


You were in the Dungeon.
You worshipped Trog.
Trog was greatly pleased with you.
You visited 1 branch

Inventory:

Hand Weapons
 a - a +0 spear {Matsuko}
 r - the +16 obsidian axe (offhand) {drain, demonic, Mesm ^Drain Fly SInv}
   (You found it in the Dungeon)

   Mesm:      Its wielder is mesmerised by any visible foes, and it cannot be
   unequipped while any foes are visible.
   SInv:      It lets you see invisible.
   Fly:       It grants you flight.
   ^Drain:    It drains your maximum health when unequipped.
 t - a +5 broad axe (weapon) {Haeun}
Armour
 b - a +0 animal skin
 s - the +15 Maxwell's patent armour (worn) {-Cast -Tele rElec Will+ rCorr}
   (You found it in the Dungeon)

   rElec:     It insulates you from electricity.
   Will+:     It increases your willpower.
   -Cast:     It prevents spellcasting.
   -Tele:     It prevents most forms of teleportation.
   rCorr:     It protects you from acid and corrosion.
Wands
 p - a wand of mindburst (7)
 q - a wand of light (6)
Scrolls
 h - 4 scrolls of blinking
 m - 7 scrolls of fog
 n - 5 scrolls of identify
 o - 2 scrolls of fear
Potions
 c - 10 potions of curing
 d - 13 potions of heal wounds
 e - 6 potions of haste
 f - 7 potions of magic
 g - 3 potions of berserk rage
 i - 2 potions of invisibility
 j - 4 potions of resistance
 l - 5 potions of might


   Skills:
 + Level 8.3 Fighting
 + Level 7.6(7.9) Axes
 - Level 2.6(5.1) Polearms
 + Level 6.8 Armour
 + Level 6.8 Dodging
 + Level 9.2 Evocations


You had 6 spell levels left.
You didn't know any spells.
Your spell library was empty.

Dungeon Overview and Level Annotations

Branches:
Dungeon (1/1)

Altars:
Ashenzari
Cheibriados
Dithmenos
Elyvilon
Fedhas
Gozag
Hepliaklqana
Kikubaaqudgha
Makhleb
Nemelex Xobeh
Okawaru
Qazlal
Ru
Sif Muna
Trog
Uskayaw
Vehumet
Wu Jian
Xom
Yredelemnul
Zin
The Shining One
Beogh
Jiyva
Lugonu

Annotations:
D 1 transporter


Innate Abilities, Weirdness & Mutations

You can wield a second weapon in your off-hand.
It takes a long time for you to wield or remove held weapons.
Your first few attacks do less damage.
Your grasper-arms cannot wear rings.


Message History

Trog will now gift you melee weapons as you gain piety.
You hit the boulder beetle but do no damage.
Visions of slaying the boulder beetle flood into your mind.
The vault sentinel hits your hellwing with a +0 long sword!
The boulder beetle closely misses you.
The dire elephant tramples you but does no damage.
The dire elephant closely misses you.
Your hellwing swoops through the air toward the ironbound convoker!
Your hellwing hits the ironbound convoker.
Your hellwing hits the ironbound convoker but does no damage.
The boulder beetle bites you but does no damage.
The dire elephant tramples you!!
You are shoved backwards!
Your Fighting skill increases to level 8!
Your Evocations skill increases to level 9!
You feel much better.
Visions of slaying the dire elephant flood into your mind.
The orc warlord is recalled.
The Hell Sentinel is recalled.
The stone giant is recalled.
The deep elf high priest is recalled.
Your hellwing closely misses the ironbound convoker.
Your hellwing hits the ironbound convoker.
An orc warlord comes into view.
It is wielding a +0 dire flail and wearing a +3 chain mail of fire resistance.
The dire elephant tramples you.
You hold your ground!
The dire elephant trunk-slaps you but does no damage.
A Hell Sentinel comes into view.
A stone giant comes into view.
A deep elf high priest comes into view. It is wielding a +0 short sword.
The deep elf high priest mumbles some strange prayers to its god.
The deep elf high priest begins emitting a brilliant aura!
The ironbound convoker is empowered by the deep elf high priest's aura!
The vault sentinel is empowered by the deep elf high priest's aura!
The boulder beetle leaps!
Your skin crawls.
You feel strong-willed. Trog will no longer gift you weapons.
Visions of slaying the boulder beetle flood into your mind.
The deep elf high priest calls down the wrath of its god upon you.
Something smites you!
The boulder beetle bites you but does no damage.
The dire elephant tramples you!!!
Ouch! That really hurt!
You die...

▓..©..▓..©..▓▓▓▓▓▓▓
▓▓▓▓▓▓▓▓▓▓▓▓▓▓▓▓▓▓▓
▓..ß©ß...▓..ß©ß...▓
▓..=)[...▓o."4|...▓
▓...:....▓e./1=...▓
▓...††...▓...pp...▓
▓........▓...C....▓
▓.▓....▓.▓.▓.Y..▓.▓
▓...©....▓..B@....▓
▓▓▓▓▓▓▓▓▓▓▓▓▓▓▓▓▓▓▓


You could see a Hell Sentinel, a dire elephant (strong), an orc warlord, a stone
giant, a boulder beetle (mesmerising), a vault sentinel (empowered, blind,
unable to see you), a deep elf high priest (brilliance aura), an ironbound
convoker (empowered, catching breath, ally target) and a friendly hellwing
(summoned).

Vanquished Creatures
  A slime creature (D)
  A water moccasin (shapeshifter) (D)
  A wolf (shapeshifter) (D)
  A crimson imp (D)
  A quasit (D)
  An orc priest (D)
  An iron imp (D)
  An orc wizard (D)
  A white imp (D)
  A giant cockroach zombie (D)
10 creatures vanquished.

Vanquished Creatures (collateral kills)
  An ogre (shapeshifter) (D)
  A crocodile (shapeshifter) (D)
  An ufetubus (D)
  An adder zombie (D)
4 creatures vanquished.

Grand Total: 14 creatures vanquished

Notes
Turn   | Place    | Note
-------+----------+-------------------------------------------
     0 | D        | Revguard the Coglin Berserker began the quest for the Orb.
     0 | D        | Reached XP level 1. HP: 18/18 MP: 1/1
     0 | D        | Found a shimmering blue altar of Sif Muna.
     0 | D        | Found a bloodstained altar of Trog.
     0 | D        | Found a sacrificial altar of Ru.
     0 | D        | Found a stormy altar of Qazlal.
     0 | D        | Found an iron altar of Okawaru.
     1 | D        | Found a sparkling altar of Nemelex Xobeh.
     1 | D        | Found a blossoming altar of Fedhas.
     1 | D        | Found the +6 Majin-Bo {spellvamp, MP+6 Int+6}
     1 | D        | Found the +27 heavy crossbow "Sniper" {heavy, Acc+∞ SInv}
     1 | D        | Found the +10 dark maul {heavy}
     1 | D        | Found the +15 Maxwell's patent armour {-Cast -Tele rElec
                  | Will+ rCorr}
     1 | D        | Found the +18 shield of the Gong {Loud rN+ Will+ rCorr
                  | EV-5}
     1 | D        | Found the +16 obsidian axe {drain, demonic, Mesm ^Drain Fly
                  | SInv}
     1 | D        | Found the +7 great mace "Firestarter" {flame, immolate,
                  | rFlCloud rF++}
     1 | D        | Found the +6 shillelagh "Devastator" {shatter}
     1 | D        | Found the +11 plutonium sword {^Contam Stlth-}
     1 | D        | Found the +8 lance "Wyrmbane" {slay drac, rPois rF+ rC+
                  | AC+3}
     1 | D        | Found the +9 sword of Zonguldrok {reap}
     1 | D        | Found the +13 scythe of Curses {drain, curses, ^Drain}
     1 | D        | Found the +9 sword of Power {lifebolt}
     1 | D        | Found the +7 mace of Variability {chaos, chaos arc}
     1 | D        | Found the +11 Singing Sword {sonic wave}
     1 | D        | Found the +8 storm bow {elec, penet}
     3 | D        | Found a transporter.
     3 | D        | Found an ancient bone altar of Kikubaaqudgha.
     3 | D        | Found a viscous altar of Jiyva.
     3 | D        | Found a corrupted altar of Lugonu.
     3 | D        | Found a hazy altar of Hepliaklqana.
     3 | D        | Found a burning altar of Makhleb.
     3 | D        | Found an opulent altar of Gozag.
    50 | D        | Reached skill level 3 in Evocations
    50 | D        | Reached XP level 2. HP: 26/26 MP: 2/2
    60 | D        | Entered arena 2.
    60 | D        | Found a transporter.
    63 | D        | Reached skill level 5 in Fighting
    63 | D        | Reached skill level 4 in Evocations
    63 | D        | Reached XP level 3. HP: 33/33 MP: 3/3
    63 | D        | Reached ** piety under Trog
    64 | D        | Reached XP level 4. HP: 39/39 MP: 4/4
    68 | D        | Entered arena 3.
    68 | D        | Found a transporter.
    73 | D        | Reached skill level 5 in Evocations
    74 | D        | Reached skill level 5 in Axes
    74 | D        | Reached XP level 5. HP: 37/46 MP: 5/5
   108 | D        | Entered arena 4.
   108 | D        | Found a transporter.
   111 | D        | Reached *** piety under Trog
   112 | D        | Reached **** piety under Trog
   113 | D        | Reached skill level 6 in Evocations
   118 | D        | Entered arena 5.
   118 | D        | Noticed a wolf
   118 | D        | Noticed a naga
   118 | D        | Noticed an ogre
   118 | D        | Noticed an ogre
   118 | D        | an ogre changed into a crocodile
   118 | D        | Noticed a crocodile (shapeshifter)
   118 | D        | Found a transporter.
   120 | D        | Killed an ogre
   121 | D        | Reached skill level 5 in Armour
   121 | D        | Reached skill level 5 in Dodging
   121 | D        | Reached skill level 7 in Evocations
   121 | D        | Reached XP level 6. HP: 53/53 MP: 6/6
   122 | D        | a naga changed into a water moccasin
   122 | D        | Noticed a water moccasin (shapeshifter)
   123 | D        | Reached skill level 8 in Evocations
   123 | D        | Killed a water moccasin
   124 | D        | Reached XP level 7. HP: 55/61 MP: 7/7
   162 | D        | Entered arena 6.
   162 | D        | Noticed a dire elephant
   162 | D        | Noticed a boulder beetle
   162 | D        | Noticed a slime creature
   162 | D        | Noticed an ironbound convoker
   162 | D        | Noticed a vault sentinel
   162 | D        | Found a transporter.
   167 | D        | Killed a slime creature
   167 | D        | Reached ***** piety under Trog
   168 | D        | Reached skill level 9 in Evocations
   168 | D        | Noticed an orc warlord
   168 | D        | Noticed a Hell Sentinel
   168 | D        | Noticed a stone giant
   169 | D        | Noticed a deep elf high priest
   169 | D        | Slain by a dire elephant

Illustrated notes

Levels and vault maps discovered:
D:        sprint_v [room_start, room_1, room_2, room_3, room_4, room_5, room_6,
          room_7, room_8, room_9, room_10, room_11, room_12, room_13, room_14,
          room_15, room_16, room_17, room_18, room_19, room_20, room_21,
          room_22, room_23, room_24, room_25, room_26, room_27]

Skill      XL: |  1  2  3  4  5  6  7 |
---------------+----------------------+-----
Fighting       | 4 5 6 7 8 |  8.3
Axes           | 3 4 5 6 7 |  7.6
Armour         | 3 4 5 6 |  6.8
Dodging        | 3 4 5 6 |  6.8
Evocations     | 3 4 5 7 8 9 |  9.2
Polearms       | |  2.6

Action                     |  1- 3 |  4- 6 |  7- 9 || total
---------------------------+-------+-------+-------++-------
  Melee: Broad axe         |     3 |    13 |     6 ||    22
 Invoke: Trog's Hand       |       |       |     1 ||     1
  Evoke: Wand              |       |       |     1 ||     1
    Use: Potion            |     1 |       |     1 ||     2
 Armour: Plate armour      |     2 |    14 |     8 ||    24
  Dodge: Dodged            |       |     9 |     3 ||    12

Table legend: (Time is in decaauts)
 A = Elapsed time spent in this place.
 B = Non-inter-level travel time spent in this place.
 C = Inter-level travel time spent in this place.
 D = Time resting spent in this place.
 E = Time spent auto-exploring this place.
 F = Levels seen in this place.
 G = Mean time per level.
                   A        B        C        D        E       F      G
               +--------+--------+--------+--------+--------+-----+--------+
         Total |    173 |    173 |      0 |     55 |      0 |   1 |  173.0 |
       Dungeon |    173 |    173 |      0 |     55 |      0 |   1 |  173.0 |
               +--------+--------+--------+--------+--------+-----+--------+

Top non-repeatable levels by time:
       D: 173 daAuts
